 Dungeon Crawl Stone Soup version 0.24-a0-269-g32ec7ca (webtiles) character file.

Game seed: 84743888506825431

7566 Dantiko the Grappler (level 11, -1/53 HPs)
             Began as a Vine Stalker Fighter on Apr 22, 2019.
             Was a High Priest of Okawaru.
             Succumbed to Sonja's curare-tipped needle
             ... on level 10 of the Dungeon.
             The game lasted 00:26:05 (8221 turns).

Dantiko the Grappler (Vine Stalker Fighter)         Turns: 8221, Time: 00:26:05

Health: -1/53      AC: 10    Str: 22    XL:     11   Next: 17%
Magic:  1/13       EV:  3    Int:  8    God:    Okawaru [*****.]
Gold:   611        SH:  8    Dex: 14    Spells: 10/10 levels left

rFire    . . .     SeeInvis .   (no weapon)
rCold    . . .     Gourm    .   b - +0 shield
rNeg     . . .     Faith    .   m - +0 plate armour
rPois    .         Spirit   +   (no helmet)
rElec    .         Reflect  .   (no cloak)
rCorr    .         Harm     .   (no gloves)
MR       +....                  (no boots)
Stlth    ..........             (no amulet)
HPRegen  0.57/turn              (no ring)
MPRegen  0.13/turn              (no ring)

@: lethally poisoned (-1 -> -29), heroism, slowed, extremely drained, very slow
A: fangs 3, regeneration 1, magic shield, antimagic bite, no potion heal 3, rot
immunity
a: Heroism, Finesse, Renounce Religion


You were on level 10 of the Dungeon.
You worshipped Okawaru.
Okawaru was extremely pleased with you.
You were not hungry.

You visited 2 branches of the dungeon, and saw 11 of its levels.

You collected 611 gold pieces.

Inventory:

Armour
 b - a +0 shield (worn)
 m - a +0 plate armour (worn)
Wands
 q - a wand of iceblast (7)
 y - a wand of scattershot (7)
Scrolls
 a - 2 scrolls of fear
 f - 3 scrolls of fog
 n - 3 scrolls of remove curse
 o - 4 scrolls of immolation
 s - 2 scrolls of amnesia {unknown}
 t - 5 scrolls of teleportation
 v - a scroll of noise {unknown}
 w - a scroll of summoning {unknown}
 x - 3 scrolls of enchant weapon {unknown}
Potions
 c - 4 potions of might
 e - 6 potions of flight
 g - a potion of brilliance {unknown}
 h - 3 potions of resistance
 i - 6 potions of curing
 j - a potion of ambrosia {unknown}
 k - a potion of lignification {unknown}
 l - 5 potions of mutation
 r - a potion of heal wounds {unknown}
 u - a potion of magic {unknown}
 A - a potion of haste {unknown}
Comestibles
 d - 20 rations


   Skills:
 - Level 4.0(0.0) Fighting
 + Level 3.5(0.0) Armour
 - Level 2.2(0.0) Dodging
 - Level 7.5(0.0) Shields
 * Level 13.4(0.0) Unarmed Combat
 - Level 2.4(0.0) Invocations


You had 10 spell levels left.
You didn't know any spells.
Your spell library contained the following spells:

 Spells                   Type           Power        Failure   Level  Hunger
 Corona                   Hex            #......      100%        1    ##.....
 Ensorcelled Hibernation  Hex/Ice        #.....       100%        2    ###....
 Confuse                  Hex            #.......     100%        3    ####...
 Dazzling Spray           Conj/Hex       #.....       100%        3    ####...
 Tukima's Dance           Hex            #.......     100%        3    ####...


Dungeon Overview and Level Annotations

Branches:
Dungeon (10/15)            Temple (1/1) D:4            Lair (0/6) D:8
    Orc (0/2) D:9

Altars:
Ashenzari
Cheibriados
Dithmenos
Elyvilon
Fedhas
Gozag
Hepliaklqana
Kikubaaqudgha
Makhleb
Nemelex Xobeh
Okawaru
Qazlal
Ru
Sif Muna
Trog
Uskayaw
Vehumet
Wu Jian
Xom
Yredelemnul
Zin
The Shining One

Annotations:
D:10 Sonja


Innate Abilities, Weirdness & Mutations

You have razor-sharp teeth.
Your natural rate of healing is unusually fast.
When hurt, damage is shared between your health and your magic reserves.
Your bite disrupts and absorbs the magic of your enemies.
Potions cannot restore your health.
You are immune to rotting.


Message History

You block the crimson imp's attack.
You feel sick.
Sonja shoots a curare-tipped needle.
The curare-tipped needle hits you.
You are lethally poisoned!
You have difficulty breathing.
* * * LOW HITPOINT WARNING * * *
You feel as though you will be slow longer.
Sonja shoots a curare-tipped needle.
The curare-tipped needle hits you.
You are more poisoned.
You have difficulty breathing.
* * * LOW HITPOINT WARNING * * *
You feel as though you will be slow longer.
The crimson imp hits you but does no damage.
You see here a curare-tipped needle.
Okay, then.
Okay, then.
As you read the scroll of fear, it crumbles to dust.
You assume a fearsome visage.
Sonja looks frightened!
The crimson imp is unaffected.
You die...

.............#
............$+
.............#
.............#
.............#
.............#
.............#
#######'# #K..@5(.#
##+ ##'############
#.. #.............#
####..
#.............###..'<.
#.............##..##>.
#.............#..###..
#.............#.## #..
#.............'.# #..
#.............### ##)


You could see Sonja (fleeing) and a crimson imp.

Vanquished Creatures
  Harold (D:8)
  An unseen horror (D:10)
  Grinder (D:6)
  3 hogs (D:7)
  A yak (D:7)
  A human (D:7)
  3 chaos spawn (D:8)
  Menkaure (D:5)
  A hungry ghost (D:8)
  A porcupine (D:8)
  6 orc warriors
  6 sky beasts
  6 ogres
  3 necrophages
  5 phantoms
  3 centaurs
  A big kobold (D:10)
  4 bullfrogs
  A wyvern skeleton (D:10)
  2 scorpions
  5 killer bees (D:7)
  8 wights
  A crimson imp (D:6)
  2 jellies
  A centaur zombie (D:7)
  2 hounds
  3 orc priests
  A centaur skeleton (D:4)
  Jessica (D:2)
  4 iguanas
  7 orc wizards
  13 worker ants
  2 hound zombies
  2 hound skeletons
  10 adders
  A gnoll (D:6)
  A howler monkey skeleton (D:6)
  A shadow imp (D:5)
  An ooze (D:3)
  A dart slug (D:1)
  4 leopard geckos
  18 orcs
  6 ball pythons
  9 bats
  12 giant cockroaches
  10 goblins (D:3)
  9 hobgoblins
  11 jackals
  4 quokkas
  5 frilled lizards
  7 kobolds
  A leopard gecko zombie (D:7)
  A quokka skeleton (D:4)
  A quokka zombie (D:5)
  6 rats
222 creatures vanquished.

Notes
Turn   | Place    | Note
-------+----------+-------------------------------------------
     0 | D:1      | Dantiko the Vine Stalker Fighter began the quest for the
                  | Orb.
     0 | D:1      | Reached XP level 1. HP: 11/11 MP: 2/2
   132 | D:1      | Reached XP level 2. HP: 8/16 MP: 1/3
   708 | D:1      | Reached skill level 3 in Unarmed Combat
   712 | D:1      | Reached XP level 3. HP: 19/19 MP: 4/4
   760 | D:1      | Found a sparkling altar of Nemelex Xobeh.
  1295 | D:2      | Noticed Jessica
  1318 | D:2      | Killed Jessica
  1318 | D:2      | Gained mutation: Your natural rate of healing is unusually
                  | fast. [Vine Stalker growth]
  1318 | D:2      | Reached XP level 4. HP: 23/23 MP: 5/5
  1440 | D:2      | Noticed a phantom
  1494 | D:2      | Killed a phantom
  1494 | D:2      | Reached skill level 4 in Unarmed Combat
  1494 | D:2      | Reached XP level 5. HP: 27/27 MP: 6/6
  2045 | D:3      | Reached skill level 5 in Unarmed Combat
  2231 | D:3      | Reached XP level 6. HP: 31/32 MP: 5/7
  2646 | D:4      | Reached skill level 1 in Dodging
  2649 | D:4      | Found a staircase to the Ecumenical Temple.
  2656 | Temple   | Entered the Ecumenical Temple
  2666 | Temple   | Became a worshipper of Warmaster Okawaru
  2807 | D:4      | Noticed a phantom
  2825 | D:4      | Killed a phantom
  3316 | D:5      | Entered Level 5 of the Dungeon
  3317 | D:5      | Noticed Menkaure
  3326 | D:5      | Killed Menkaure
  3326 | D:5      | Reached skill level 6 in Unarmed Combat
  3326 | D:5      | Reached XP level 7. HP: 21/35 MP: 8/8
  3434 | D:5      | Reached * piety under Okawaru
  3460 | D:5      | Reached skill level 7 in Unarmed Combat
  3460 | D:5      | Reached skill level 1 in Invocations
  3643 | D:5      | Gained mutation: You have razor-sharp teeth. [Vine Stalker
                  | growth]
  3643 | D:5      | Reached XP level 8. HP: 30/40 MP: 7/10
  4283 | D:6      | Reached skill level 8 in Unarmed Combat
  4405 | D:6      | Noticed Grinder
  4419 | D:6      | Reached ** piety under Okawaru
  4436 | D:6      | Paralysed by Grinder for 3 turns
  4444 | D:6      | Killed Grinder
  4605 | D:6      | Reached skill level 9 in Unarmed Combat
  4673 | D:6      | Reached XP level 9. HP: 45/45 MP: 9/11
  4836 | D:6      | Found an opulent altar of Gozag.
  5228 | D:7      | Reached skill level 10 in Unarmed Combat
  5240 | D:7      | Reached *** piety under Okawaru
  5259 | D:7      | Reached skill level 5 in Shields
  5901 | D:7      | Reached skill level 11 in Unarmed Combat
  5916 | D:7      | Reached **** piety under Okawaru
  5925 | D:7      | Reached XP level 10. HP: 38/49 MP: 12/12
  6317 | D:8      | Reached skill level 12 in Unarmed Combat
  6425 | D:8      | Found the +7 mace of Variability {chain chaos}
  6444 | D:8      | Found a shimmering altar of Xom.
  6529 | D:8      | Found a staircase to the Lair.
  6763 | D:8      | Noticed Harold
  6778 | D:8      | Killed Harold
  6778 | D:8      | Reached ***** piety under Okawaru
  7076 | D:8      | Found a deep blue altar of Sif Muna.
  7569 | D:9      | Noticed a lindwurm
  7569 | D:9      | Noticed a lindwurm
  7584 | D:9      | Noticed a lindwurm
  7593 | D:9      | Noticed a lindwurm
  7846 | D:9      | Reached skill level 13 in Unarmed Combat
  7872 | D:9      | Reached XP level 11. HP: 46/53 MP: 13/13
  7928 | D:9      | Found a staircase to the Orcish Mines.
  8048 | D:10     | Entered Level 10 of the Dungeon
  8110 | D:10     | Killed an unseen horror
  8110 | D:10     | Received a gift from Okawaru
  8123 | D:10     | Got a polished scimitar {god gift}
  8125 | D:10     | Identified the +4 scimitar "Meacuh" {flame, rPois rN+ Dex+4
                  | SInv} (Okawaru gifted it to you on level 10 of the Dungeon)
  8133 | D:10     | Found a blossoming altar of Fedhas.
  8182 | D:10     | Noticed Sonja
  8221 | D:10     | Succumbed to Sonja's curare-tipped needle

Levels and vault maps discovered:
D:1:      eino_arrival_cavern_e, layout_basic, nemelex_diamond_rough_becter
D:2:      minmay_roachtagon, layout_basic, first_ration, uniq_jessica
D:3:      cheibrodos_greedy_goblins, layout_rooms
D:4:      layout_loops_corners, minmay_temple_entry_arrows, abandoned_shop
D:5:      layout_basic, kennysheep_minor_cross, uniq_menkaure
D:6:      layout_gridville, nicolae_gozag_cash_rules_everything_around_me,
          serial_rivers, chequers_serial_rivers_small_b,
          chequers_serial_rivers_micro_c, chequers_serial_rivers_micro_d,
          chequers_serial_rivers_marsh, minmay_checkerbox, uniq_grinder
D:7:      layout_loops_ring, grunt_livestock, wad_rectangle_vault
D:8:      kennysheep_orc_sif_temple, layout_loops_corners,
          grunt_lair_entry_orc_guard_hut, minmay_guarded_unrand_variability,
          uniq_harold
D:9:      layout_cave_pools, david_orc_4, minmay_lindwurm_lava
D:10:     layout_roguey, fedhas_altar_2, uniq_sonja
Temple:   dpeg_three_leaves_temple

Skill      XL: |  1  2  3  4  5  6  7  8  9 10 11 |
---------------+----------------------------------+-----
Shields        | 3 4 6 7 |  7.5
Unarmed Combat | 3 4 5 6 7 9 11 13 | 13.4
Dodging        | 2 |  2.2
Fighting       | 3 4 |  4.0
Invocations    | 1 2 |  2.4
Armour         | 3 |  3.5

Action                   |  1- 3 |  4- 6 |  7- 9 | 10-12 || total
-------------------------+-------+-------+-------+-------++-------
Melee: Unarmed           |   123 |   187 |   321 |   275 ||   906
       Bite              |    33 |    46 |   107 |    77 ||   263
Invok: Heroism           |       |       |     5 |     7 ||    12
  Use: Scroll            |       |       |     1 |    10 ||    11
 Stab: Paralysed         |       |       |       |     1 ||     1
  Eat: Chunk             |     1 |     7 |     8 |     8 ||    24
Armor: Scale mail        |    27 |       |       |       ||    27
       Plate armour      |    40 |    64 |   120 |   105 ||   329
Dodge: Dodged            |    26 |    18 |    37 |    38 ||   119
Block: Shield            |    70 |    84 |   115 |   130 ||   399

Table legend:
 A = Non-vault XP
 B = Vault XP
 C = Vault XP percentage of total XP
 D = Non-vault monster count
 E = Vault monster count
 F = Vault count percentage of total count
                 A         B        C        D         E       F
            +---------+---------+-------+---------+---------+-------
      Total |    5866 |    4943 |  45.7 |     156 |      66 |  29.7
            +---------+---------+-------+---------+---------+-------
        D:1 |      40 |       0 |   0.0 |      23 |       0 |   0.0
        D:2 |     153 |      53 |  25.7 |       6 |       9 |  60.0
        D:3 |      66 |      22 |  25.0 |      26 |      11 |  29.7
        D:4 |     227 |       0 |   0.0 |      12 |       0 |   0.0
        D:5 |     580 |     183 |  24.0 |      19 |       1 |   5.0
        D:6 |     821 |     549 |  40.1 |      16 |       5 |  23.8
        D:7 |     927 |    1185 |  56.1 |      17 |      10 |  37.0
        D:8 |    1325 |    2190 |  62.3 |      16 |      11 |  40.7
        D:9 |     491 |     761 |  60.8 |       8 |      19 |  70.4
       D:10 |    1236 |       0 |   0.0 |      13 |       0 |   0.0
            +---------+---------+-------+---------+---------+-------
